 Dungeon Crawl Stone Soup version 0.30-a0-358-g0d69a1922f (webtiles) character file.

Game seed: 14259826963233391624

10928 ragingrage the Spear-Bearer (level 11, -5/83 HPs)
             Began as a Black Draconian Wanderer on Nov 10, 2022.
             Was the Champion of Cheibriados.
             Slain by a black mamba (13 damage)
             ... on level 1 of the Lair of Beasts.
             The game lasted 00:15:58 (10622 turns).

ragingrage the Spear-Bearer (DrWn)                 Turns: 10622, Time: 00:15:59

Health: -5/83      AC: 10    Str: 29    XL:     11   Next: 42%
Magic:  16/16      EV: 12    Int: 36    God:    Cheibriados [******]
Gold:   362        SH:  0    Dex: 25    Spells: 6/20 levels left

rFire   . . .      SeeInvis .    v - +4 scythe (vorpal)
rCold   . . .      Faith    .    (shield currently unavailable)
rNeg    . . .      Spirit   .    (body armour unavailable)
rPois   +          Reflect  .    K - +2 hat {Int+3}
rElec   +          Harm     .    (no cloak)
rCorr   .          Rampage  .    H - +0 pair of gloves
Will    .....                    (no boots)
Stlth   ++........               (no amulet)
HPRegen 0.33/turn                h - ring of poison resistance
MPRegen 0.15/turn                G - +4 ring of slaying

@: very slow
A: breathe lightning, AC +7, unfitting armour, electricity resistance,
cold-blooded, low MP 1
a: Breathe Lightning, Renounce Religion, Bend Time, Temporal Distortion, Slouch,
Step From Time


You were on level 1 of the Lair of Beasts.
You worshipped Cheibriados.
Cheibriados was exalted by your worship.
You visited 2 branches of the dungeon, and saw 11 of its levels.

You collected 462 gold pieces.
You spent 100 gold pieces at shops.

Inventory:

Hand Weapons
 v - a +4 vorpal scythe (weapon)
 A - a -1 demon trident
Missiles
 n - 16 poisoned darts
 u - a curare-tipped dart
 y - 5 javelins (quivered)
 J - 2 throwing nets
Armour
 H - a +0 pair of gloves (worn)
 K - a +2 hat of intelligence (worn)
Jewellery
 h - a ring of poison resistance (left hand)
 m - a ring of willpower
 r - a ring of protection from cold
 D - a ring of protection from cold
 F - a ring of flight
 G - a +4 ring of slaying (right hand)
 L - a ring of magical power
Wands
 c - a wand of digging (6)
 g - a wand of flame (46)
 I - a wand of charming (10)
Scrolls
 a - a scroll of noise
 d - 7 scrolls of teleportation
 f - a scroll of enchant weapon {unknown}
 j - a scroll of acquirement {unknown}
 k - a scroll of fog {unknown}
 o - 2 scrolls of magic mapping
 p - a scroll of vulnerability {unknown}
 q - a scroll of summoning
 t - 3 scrolls of fear
 E - a scroll of identify
 M - a scroll of poison
Potions
 b - a potion of heal wounds
 i - 6 potions of attraction
 l - 3 potions of mutation
 s - 3 potions of curing
 x - a potion of brilliance
 z - a potion of degeneration {unknown}
 B - a potion of flight
 C - a potion of invisibility {unknown}


   Skills:
 * Level 3.7 Fighting
 + Level 11.4 Polearms
 + Level 1.3 Dodging
 + Level 5.0 Spellcasting
 + Level 8.2 Conjurations
 - Level 1.0 Hexes
 + Level 9.9 Air Magic
 + Level 7.3 Invocations


You had 6 spell levels left.
You knew the following spells:

 Your Spells              Type           Power      Damage    Failure   Level
a - Arcjolt               Conj/Air       32%        1d42      2%          5
b - Static Discharge      Conj/Air       100%       2-7/arc   1%          2
c - Lightning Bolt        Conj/Air       32%        1d50      2%          5
d - Blink                 Tloc           18%        N/A       6%          2

Your spell library contained the following spells:

 Spells                   Type           Power      Damage    Failure   Level
 Cigotuvi's Dreadful Rot  Necr/Pois/Air  64%        N/A       1%          2
 Momentum Strike          Conj/Tloc      76%        3d10      1%          2
 Dazzling Flash           Conj/Hex       84%        N/A       1%          3
 Vhi's Electric Charge    Tloc/Air       88%        N/A       1%          3
 Slow                     Hex            64%        N/A       2%          1
 Apportation              Tloc           18%        N/A       3%          1
 Confusing Touch          Hex            16%        N/A       8%          3
 Lesser Beckoning         Tloc           18%        N/A       12%         3
 Ozocubu's Armour         Ice            9%         N/A       12%         3
 Vampiric Draining        Necr           9%         2d6       12%         3
 Dispel Undead            Necr           9%         3d8       36%         4
 Metabolic Englaciation   Hex/Ice        6%         N/A       65%         5
 Alistair's Intoxication  Tmut/Pois      6%         N/A       71%         5
 Death Channel            Necr           4%         N/A       99%         6
 Simulacrum               Ice/Necr       4%         N/A       99%         6


Dungeon Overview and Level Annotations

Branches:
Dungeon (10/15)            Temple (0/1) D:6            Lair (1/5) D:8
    Orc: D:9-12

Altars:
Ashenzari
Cheibriados
Elyvilon
Kikubaaqudgha
Sif Muna
Trog

Shops:
D:4 =   D:7 *   D:8 (

Annotations:
D:9 2 transporters, Aneyh's ghost, journeyman TeMo


Innate Abilities, Weirdness & Mutations

You can breathe wild blasts of lightning.
Your glossy black scales are hard. (AC +7)
You cannot fit into any form of body armour.
You are resistant to electric shocks. (rElec)
You are cold-blooded and may be slowed by cold attacks.
Your magical capacity is low. (-10% MP)


Message History

You puncture the wolf!
Your tail-slap misses the wolf.
The wolf is almost dead.
The wolf bites you. The wolf bites you! The wolf bites you but does no damage.
The wolf completely misses you. The wolf closely misses you. x2
The wolf misses you. The wolf barely misses you.
The wolf bites you but does no damage. The wolf closely misses you.
The wolf bites you. The wolf barely misses you. The wolf bites you!
The wolf bites you.
You slash the wolf!
You kill the wolf!
Cheibriados thoroughly appreciates the change of pace.
The wolf bites you but does no damage.
You closely miss the wolf. The wolf barely misses you. The wolf bites you.
You closely miss the wolf. The wolf closely misses you. x2
You closely miss the wolf. You tail-slap the wolf.
The wolf is lightly wounded.
The wolf bites you but does no damage.
You impale the wolf!!
You kill the wolf!
Cheibriados thoroughly appreciates the change of pace.
You see here a wolf corpse.
A wolf comes into view.
The black mamba barely misses you.
The black mamba bites you but does no damage.
You barely miss the black mamba.
The black mamba bites you but does no damage. x2
The black mamba bites you but does no damage.
The black mamba bites you!
* * * LOW HITPOINT WARNING * * *
The black mamba bites you but does no damage.
You slash the black mamba! You tail-slap the black mamba.
The black mamba is moderately wounded.
The black mamba bites you but does no damage.
The black mamba closely misses you.
The black mamba bites you but does no damage.
The black mamba bites you!
* * * LOW HITPOINT WARNING * * *
The black mamba bites you!
You die...

##..###...#.....# ..... .. #...#
#.........# ...... ..
#...###.........# ##..
#...##.....##...# #..h
#...###...###...# #... #...#
#...##...P## ##... #...#
#....##....## ##....
....###...####....## ##...h#
.....###..#####.@S.########h..###
....###...>##..##...#.........#
#...# ##..†###..#.#..†...†...##
#...## ##......###...........#
#..#.## ##.†...# ###..########
##....#####..#.# #### ##......#
##....# ####....# ##.....
#####...# ###....


You could see a black mamba.

Vanquished Creatures
  Gastronok (D:9)
  A centaur warrior (D:9)
  Pikel (D:4)
  2 cane toads (Lair:1)
  A komodo dragon (Lair:1)
  A meliai (shapeshifter) (D:9)
  Prince Ribbit (D:7)
  Sigmund (D:4)
  A vampire (D:9)
  Eustachio (D:4)
  A yak (D:9)
  A wyvern (D:9)
  3 steam dragons
  Duvessa (D:6)
  4 water moccasins
  2 sky beasts
  5 black bears
  An orc warrior (D:9)
  An ogre (D:4)
  25 wolves (Lair:1)
  A lemure (D:4)
  2 kobold brigands (D:8)
  A phantom (D:6)
  5 bullfrogs
  A gnoll sergeant (D:8)
  3 necrophages
  2 scorpions
  10 wights
  Dowan (D:6)
  12 killer bees
  A vampire bat (D:3)
  3 howler monkeys (D:8)
  2 hounds (D:5)
  3 orc priests (D:6)
  Ijyb (D:4)
  A jelly (D:8)
  3 iguanas
  Jessica (D:3)
  2 gnoll boudas
  Terence (D:1)
  11 orc wizards
  Robin (D:1)
  8 gnolls
  4 adders
  A white imp (D:6)
  2 worms (D:2)
  6 dart slugs
  3 fire bats (D:3)
  16 orcs
  2 spectral bats (D:3)
  12 bats
  3 bat skeletons (D:3)
  A bat zombie (D:3)
  2 endoplasms
  3 giant cockroaches
  17 goblins
  10 hobgoblins
  3 jackals (D:1)
  2 quokkas (D:3)
  5 ball pythons
  A bat simulacrum (D:3)
  4 frilled lizards
  13 kobolds
  2 rats
243 creatures vanquished.

Vanquished Creatures (others)
  10 fungi (Lair:1)
  12 plants (Lair:1)
22 creatures vanquished.

Grand Total: 265 creatures vanquished

Notes
Turn   | Place    | Note
-------+----------+-------------------------------------------
     0 | D:1      | ragingrage the Draconian Wanderer began the quest for the
                  | Orb.
     0 | D:1      | ragingrage set off with the following items: a +3 spear, a
                  | potion of heal wounds; and the following spell memorised:
                  | Slow; and the following spells available to memorise:
                  | Dazzling Flash.
     0 | D:1      | Reached XP level 1. HP: 19/19 MP: 2/2
   367 | D:1      | Reached XP level 2. HP: 26/26 MP: 3/3
   495 | D:1      | Found a faded altar of an unknown god.
   537 | D:1      | Prayed at the altar of an unknown god.
   537 | D:1      | Became a worshipper of Cheibriados the Contemplative
   537 | D:1      | Reached * piety under Cheibriados
   709 | D:2      | Noticed Terence
   709 | D:2      | Noticed Robin
   715 | D:2      | Reached skill level 5 in Polearms
   782 | D:1      | Reached XP level 3. HP: 31/31 MP: 4/4
   800 | D:1      | Killed Terence
   929 | D:1      | Killed Robin
   929 | D:1      | Reached ** piety under Cheibriados
   930 | D:1      | Reached XP level 4. HP: 19/38 MP: 5/5
  1375 | D:2      | Reached skill level 6 in Polearms
  1707 | D:3      | Noticed Jessica
  1713 | D:3      | Killed Jessica
  1714 | D:3      | Reached XP level 5. HP: 30/45 MP: 6/6
  1794 | D:3      | Reached *** piety under Cheibriados
  2211 | D:3      | Reached skill level 7 in Polearms
  2226 | D:3      | Reached **** piety under Cheibriados
  2275 | D:3      | Reached XP level 6. HP: 51/51 MP: 7/7
  2665 | D:4      | Found Ajastr Vubio's Jewellery Shop.
  2677 | D:4      | Noticed Pikel
  2712 | D:4      | Learned a level 2 spell: Static Discharge
  2757 | D:4      | Gained mutation: Your magical capacity is low. (-10% MP)
                  | [potion of mutation]
  2760 | D:4      | Killed Pikel
  2761 | D:4      | Reached skill level 8 in Polearms
  2761 | D:4      | Your scales start taking on a glossy black colour.
  2761 | D:4      | Reached XP level 7. HP: 23/57 MP: 7/7
  2761 | D:4      | Gained mutation: You are resistant to electric shocks.
                  | (rElec) [Black Draconian growth]
  2990 | D:4      | Found a white marble altar of Elyvilon.
  2999 | D:4      | Noticed Ijyb
  3011 | D:4      | Killed Ijyb
  3087 | D:4      | Noticed Sigmund
  3326 | D:4      | Noticed Eustachio
  3341 | D:4      | Killed Eustachio
  3342 | D:4      | Reached XP level 8. HP: 56/63 MP: 8/8
  3404 | D:4      | You fall into a shaft and drop 3 floors!
  3404 | D:7      | Found Zuamenk's Lightly-Used Armoury.
  3405 | D:7      | Found a bloodstained altar of Trog.
  3417 | D:7      | Reached skill level 9 in Polearms
  3463 | D:7      | Reached skill level 5 in Air Magic
  3466 | D:7      | Bought a -1 demon trident for 100 gold pieces
  3597 | D:7      | Reached skill level 1 in Invocations
  3783 | D:7      | Reached ***** piety under Cheibriados
  3784 | D:7      | Reached skill level 5 in Conjurations
  4030 | D:6      | Reached XP level 9. HP: 70/70 MP: 9/9
  4080 | D:6      | Noticed Duvessa
  4101 | D:5      | Entered Level 5 of the Dungeon
  4889 | D:4      | Killed Sigmund
  5416 | D:6      | Found a staircase to the Ecumenical Temple.
  5483 | D:6      | Reached skill level 10 in Polearms
  5864 | D:6      | Noticed Dowan
  6049 | D:6      | Killed Duvessa
  6054 | D:6      | Killed Dowan
  6192 | D:7      | Learned a level 5 spell: Lightning Bolt
  6192 | D:7      | Found an ancient bone altar of Kikubaaqudgha.
  6592 | D:7      | Noticed Prince Ribbit
  6597 | D:7      | Killed Prince Ribbit
  6933 | D:8      | Found a shimmering blue altar of Sif Muna.
  7239 | D:8      | Learned a level 5 spell: Arcjolt
  7274 | D:8      | Reached XP level 10. HP: 70/77 MP: 12/12
  7275 | D:8      | Reached skill level 5 in Invocations
  7494 | D:8      | Found Xigei's Weapon Emporium.
  7842 | D:8      | Found a staircase to the Lair.
  7848 | D:8      | Learned a level 2 spell: Blink
  7997 | D:9      | Found a transporter.
  7997 | D:9      | Found a transporter.
  8024 | D:9      | Noticed Gastronok
  8037 | D:10     | Entered Level 10 of the Dungeon
  8038 | D:10     | Reached ****** piety under Cheibriados
  8297 | D:9      | Killed Gastronok
  8419 | D:9      | Noticed Aneyh's ghost (journeyman TeMo)
  8434 | D:9      | Noticed a cyclops
  8487 | D:9      | Noticed a centaur warrior
  8763 | D:9      | Reached skill level 11 in Polearms
  8974 | D:9      | Identified the +4 flail of the Usurping Shrike {holy, rN+
                  | MP+9 Int-4 Dex+4}
  9033 | D:9      | Found a broken altar of Ashenzari.
  9344 | D:9      | Killed a centaur warrior
  9655 | Lair:1   | Entered Level 1 of the Lair of Beasts
  9809 | Lair:1   | Reached XP level 11. HP: 82/82 MP: 15/15
  9952 | Lair:1   | HP: 3/82 [wolf (9)]
  9957 | Lair:1   | HP: 4/82 [wolf (3)]
 10571 | Lair:1   | Reached skill level 5 in Spellcasting
 10622 | Lair:1   | Slain by a black mamba

Illustrated notes

Levels and vault maps discovered:
D:1:      sevenhm_arrival_forest_fort_small_3, layout_loops_ring,
          shapermc_ecumenical_altar_mp_urbaneastern, kennysheep_doodads
D:2:      layout_rooms, kennysheep_generic_room_3, uniq_terence, uniq_robin
D:3:      layout_loops_cross, serial_glass, glass_columns_a, glass_columns_b,
          glass_columns_a, glass_columns_a, glass_columns_a, goddamned_bats,
          uniq_jessica
D:4:      layout_basic, elyvilon_altar_5, serial_shops,
          nicolae_inconvenience_store, uniq_eustachio, uniq_pikel, uniq_ijyb,
          uniq_sigmund
D:5:      minmay_spotlight, layout_loops_ring
D:6:      layout_basic, temple_green, uniq_duvessa
D:7:      layout_basic, mainiacjoe_overflow_chevrons, trog_ov_bears_minmay,
          serial_corexii_hall, corexii_hall_statues_t,
          chequers_hall_statues_wall_a, corexii_hall_statues_l,
          corexii_hall_statues_i, minmay_shop_damaged, uniq_prince_ribbit1
D:8:      minmay_flawed_box, layout_basic, marbit_many_paths, lair_entry_dummy,
          serial_shops, nicolae_shop_statue_plus
D:9:      layout_cave_pods, lemuel_doored_altar, nzn_ghost_randoct,
          lightli_fourway_metalbox, uniq_gastronok
D:10:     layout_loops_cross
Lair:1:   layout_concentric_octagons, grunt_forest_large_clearings

Skill      XL: |  1  2  3  4  5  6  7  8  9 10 11 |
---------------+----------------------------------+-----
Polearms       | 5 6 7 8 9 10 11 | 11.4
Conjurations   | 2 3 5 6 7 8 |  8.2
Air Magic      | 3 4 6 7 9 |  9.9
Invocations    | 2 4 6 7 |  7.3
Spellcasting   | 2 4 5 |  5.0
Fighting       | |  3.7
Dodging        | |  1.3
Hexes          | |  1.0

Action                   |  1- 3 |  4- 6 |  7- 9 | 10-12 || total
-------------------------+-------+-------+-------+-------++-------
Melee: Spear             |    79 |   194 |    51 |       ||   324
       Tailslap          |    10 |    16 |    23 |    25 ||    74
       Punch             |     1 |     3 |     3 |       ||     7
       Demon trident     |       |       |    86 |       ||    86
       Halberd           |       |       |    89 |   220 ||   309
Throw: Throwing net      |       |     1 |       |       ||     1
       Dart              |       |       |     3 |       ||     3
 Cast: Slow              |     2 |     4 |    22 |       ||    28
       Lightning Bolt    |       |       |       |     4 ||     4
       Arcjolt           |       |       |       |     1 ||     1
Invok: Slouch            |       |       |       |     1 ||     1
       Temporal Distorti |       |       |       |     1 ||     1
 Abil: Breathe Lightning |       |       |     7 |     3 ||    10
Evoke: Wand              |       |       |     2 |       ||     2
  Use: Potion            |     1 |     3 |     3 |     4 ||    11
       Scroll            |     1 |       |     8 |     6 ||    15
 Stab: Sleeping          |       |     4 |     5 |     2 ||    11
       Held in net/web   |       |     2 |       |       ||     2
       Distracted        |       |       |     1 |     1 ||     2
Armor: Skin              |    23 |    60 |    52 |   118 ||   253
Dodge: Dodged            |    44 |   121 |    92 |   188 ||   445

Table legend: (Time is in decaauts)
 A = Elapsed time spent in this place.
 B = Non-inter-level travel time spent in this place.
 C = Inter-level travel time spent in this place.
 D = Time resting spent in this place.
 E = Time spent auto-exploring this place.
 F = Levels seen in this place.
 G = Mean time per level.
                   A        B        C        D        E       F      G
               +--------+--------+--------+--------+--------+-----+--------+
         Total |  15549 |  14979 |    570 |   2348 |  10213 |  11 | 1413.5 |
       Dungeon |  14215 |  13702 |    513 |   1924 |   9682 |  10 | 1421.5 |
          Lair |   1334 |   1277 |     57 |    424 |    531 |   1 | 1334.0 |
               +--------+--------+--------+--------+--------+-----+--------+

Top non-repeatable levels by time:
     D:9: 2217 daAuts
     D:8: 1939 daAuts
     D:7: 1856 daAuts
     D:4: 1831 daAuts
     D:6: 1686 daAuts
  Lair:1: 1334 daAuts
     D:3: 1286 daAuts
     D:5: 1268 daAuts
     D:1: 1051 daAuts
     D:2: 825 daAuts
    D:10: 252 daAuts
